 Dungeon Crawl Stone Soup version 0.30.0-10-gfe55d96785 (webtiles) character file.

Game seed: 2192295971284658548

34 Gabide the Ducker (level 3, -1/17 HPs)
             Began as a Felid Fighter on May 15, 2023.
             Killed from afar by Natasha (7 damage)
             ... with a magic dart
             ... on level 2 of the Dungeon.
             The game lasted 00:03:52 (909 turns).

Gabide the Ducker (Felid Fighter)                    Turns: 909, Time: 00:03:54

Health: -1/17      AC:  1    Str: 14    XL:     3   Next: 14%
Magic:  4/4        EV: 18    Int:  9    God:
Gold:   111        SH:  0    Dex: 15    Spells: 2/2 levels left
                                        Lives:  0   Deaths: 0

rFire   . .          .
                       - Unarmed
rCold   . . .        (shield unavailable)
rNeg    . . .        (body armour unavailable)
rPois   .            (helmet unavailable)
rElec   .            (cloak unavailable)
rCorr   .            (gloves unavailable)
SInv    +            (boots unavailable)
Will    .....        (no amulet)
Stlth   +            (no ring)
HPRegen 0.22/turn    (no ring)
MPRegen 0.09/turn

%: no passive effects
@: slowed, slow
A: very small, claws 1, fangs 3, see invisible, speed 1, shaggy fur 1, stealthy
paws, no weapons or thrown items, no armour, multi-lived
a: no special abilities


You were on level 2 of the Dungeon.
You visited 1 branch of the dungeon, and saw 2 of its levels.

You collected 111 gold pieces.

Inventory:

Scrolls
 f - a scroll of enchant armour {unknown}
 g - a scroll of teleportation
Potions
 a - a potion of might
 b - a potion of magic {unknown}
 c - 2 potions of flight
 d - a potion of degeneration {unknown}
 e - a potion of lignification {unknown}
 h - a potion of attraction {unknown}
 i - 2 potions of curing


   Skills:
 + Level 3.5 Fighting
 + Level 4.6 Dodging
 + Level 4.3 Unarmed Combat


You had 2 spell levels left.
You didn't know any spells.
Your spell library contained the following spells:

 Spells                   Type           Power      Damage    Failure   Level
 Slow                     Hex            0%         N/A       38%         1
 Ensorcelled Hibernation  Hex/Ice        0%         N/A       52%         2
 Confusing Touch          Hex            0%         N/A       77%         3
 Spider Form              Tmut/Pois      0%         N/A       77%         3
 Vampiric Draining        Necr           0%         2d6       77%         3
 Anguish                  Hex/Necr       0%         N/A       99%         4
 Iskenderun's Battlesphe  Conj           0%         2d6       100%        5
 Iron Shot                Conj/Erth      0%         9d1       100%        6
 Spellforged Servitor     Conj/Summ      0%         N/A       100%        7


Dungeon Overview and Level Annotations

Branches:
Dungeon (2/15)

Altars:
Trog

Annotations:
D:2 Natasha


Innate Abilities, Weirdness & Mutations

You have sharp claws.
You have razor-sharp teeth.
You have supernaturally acute eyesight. (SInv)
You cover ground quickly. (Speed+)
You are covered in fur. (AC +1)
Your paws help you pounce on unaware monsters.
You are incapable of wielding weapons or throwing items.
You cannot wear armour.
You gain extra lives every three experience levels.


Message History

You scratch Natasha but do no damage.
Natasha is severely wounded.
The hobgoblin misses you. Natasha closely misses you.
You barely miss Natasha.
Natasha is severely wounded.
The hobgoblin closely misses you.
Natasha casts a spell.
You completely miss Natasha.
Natasha is severely wounded.
The hobgoblin misses you.
You scratch Natasha but do no damage.
Natasha is severely wounded.
Natasha mumbles some strange words.
The cerulean imp completely misses you. The hobgoblin misses you.
You scratch Natasha.
Natasha is almost dead.
Natasha casts a spell at you.
You feel yourself slow down. The cerulean imp closely misses you.
You barely miss Natasha.
Natasha is almost dead.
The hobgoblin completely misses you. The cerulean imp barely misses you.
Natasha closely misses you. The cerulean imp closely misses you.
The hobgoblin barely misses you.
The cerulean imp hits you from afar with a +0 spear.
Natasha closely misses you.
You scratch Natasha but do no damage.
Natasha is severely wounded.
The cerulean imp misses you. The hobgoblin closely misses you.
The cerulean imp closely misses you. Natasha closely misses you.
You scratch Natasha but do no damage.
Natasha is severely wounded.
The cerulean imp closely misses you. The hobgoblin misses you.
The cerulean imp completely misses you. Natasha completely misses you.
The cerulean imp hits you from afar with a +0 spear.
You barely miss Natasha.
Natasha is severely wounded.
The cerulean imp completely misses you. The hobgoblin hits you.
Natasha stares at you and mumbles some strange words.
The magic dart hits you!
You die...

###### #....#
#........# # #....##
#........#
#####....>####........#
..##.........+........#
....<.....####........#
#.####....# #5.5.....#
.....#....# #.gh.....#
#..#.#....# #@#
..........######.#
##.#.##...##.....#
##.#.##...##.#####
.............# ###
..###..####### #..
..####.########
..####..
............... .......
######...##########
#...


You could see Natasha, 2 cerulean imps and a hobgoblin.

Vanquished Creatures
  A worm (D:2)
  A dart slug (D:2)
  2 bats
  4 endoplasms
  A giant cockroach (D:2)
  2 goblins (D:1)
  4 hobgoblins
  5 ball pythons (D:1)
  A frilled lizard (D:1)
  2 kobolds
  4 rats
27 creatures vanquished.

Notes
Turn   | Place    | Note
-------+----------+-------------------------------------------
     0 | D:1      | Gabide the Felid Fighter began the quest for the Orb.
     0 | D:1      | Reached XP level 1. HP: 10/10 MP: 2/2
   120 | D:1      | Reached XP level 2. HP: 12/14 MP: 3/3
   609 | D:2      | Found a bloodstained altar of Trog.
   767 | D:2      | Reached XP level 3. HP: 17/17 MP: 4/4
   893 | D:2      | Noticed Natasha
   909 | D:2      | Killed from afar by Natasha

Illustrated notes

Levels and vault maps discovered:
D:1:      dreamdust_arrival_beginning_and_end, layout_rooms, minmay_tromino_v4_c
D:2:      layout_basic, basic_altar, minmay_misc_feat_plants, uniq_terence,
          uniq_natasha

Action                     || total
---------------------------++-------
  Melee: Unarmed           ||    72
         Bite              ||     9
    Use: Scroll            ||     5
   Stab: Sleeping          ||     1
 Armour: Skin              ||     1
  Dodge: Dodged            ||    58
